 Dungeon Crawl Stone Soup version 0.23.2-40-g277498a001 (webtiles) character file.

Game seed: 16888355851083056704

718 Descartes the Insei (level 7, 0/35 HPs)
             Began as a Vine Stalker Transmuter on Oct 1, 2019.
             Was an Initiate of Wu Jian.
             Slain by Duvessa
             ... wielding a +0 short sword
              (7 damage)
             ... on level 5 of the Dungeon.
             The game lasted 00:13:21 (4975 turns).

Descartes the Insei (Vine Stalker Transmuter)       Turns: 4975, Time: 00:13:21

Health: 0/35       AC:  5    Str: 13    XL:     7   Next: 70%
Magic:  0/14       EV: 13    Int: 15    God:    Wu Jian [......]
Gold:   214        SH:  0    Dex: 14    Spells: 6/14 levels left

rFire    . . .     SeeInvis .     - Unarmed
rCold    . . .     Gourm    .   (no shield)
rNeg     . . .     Faith    .   b - +0 robe
rPois    .         Spirit   +   (no helmet)
rElec    .         Reflect  .   (no cloak)
rCorr    .         Harm     .   (no gloves)
MR       +....                  l - +1 pair of boots
Stlth    ++........             (no amulet)
HPRegen  0.51/turn              g - ring of protection from magic
MPRegen  0.14/turn              k - +1 ring of protection

@: no status effects
A: fangs 2, regeneration 1, magic shield, antimagic bite, no potion heal 3, rot
immunity
a: Renounce Religion


You were on level 5 of the Dungeon.
You worshipped Wu Jian.
Wu Jian was noncommittal.
You were not hungry.

You visited 2 branches of the dungeon, and saw 6 of its levels.

You collected 214 gold pieces.

Inventory:

Hand Weapons
 r - a +3 dagger
Missiles
 a - 58 arrows
 h - 3 poisoned needles
 m - 157 stones (quivered)
 n - 10 tomahawks
Armour
 b - a +0 robe (worn)
 l - a +1 pair of boots (worn)
Magical Staves
 t - an uncursed staff of poison
Jewellery
 g - a ring of protection from magic (left hand)
 k - a +1 ring of protection (right hand)
Scrolls
 c - a scroll of enchant armour {unknown}
 e - 3 scrolls of teleportation
 f - 4 scrolls of identify
 j - a scroll of remove curse
 o - a scroll of immolation {unknown}
 s - a scroll of fog {unknown}
 u - a scroll of enchant weapon {unknown}
 v - a scroll of fear {unknown}
Potions
 i - 2 potions of curing
 p - a potion of haste
Comestibles
 d - 14 rations


   Skills:
 + Level 2.3 Fighting
 + Level 2.5 Dodging
 + Level 3.0 Stealth
 * Level 5.0 Unarmed Combat
 * Level 4.2 Spellcasting
 * Level 4.2 Transmutations
 + Level 1.2 Evocations


You had 6 spell levels left.
You knew the following spells:

 Your Spells              Type           Power        Failure   Level  Hunger
a - Beastly Appendage     Tmut           ###...       3%          1    None
b - Sticks to Snakes      Tmut           ###.....     4%          2    ##.....
c - Blade Hands           Tmut           ###.......   65%         5    ######.

Your spell library contained the following spells:

 Spells                   Type           Power        Failure   Level  Hunger
 Spider Form              Tmut/Pois      #.........   22%         3    ###....
 Ice Form                 Ice/Tmut       #.......     58%         4    ####...


Dungeon Overview and Level Annotations

Branches:
Dungeon (5/15)             Temple (1/1) D:4

Altars:
Dithmenos
Fedhas
Gozag
Hepliaklqana
Kikubaaqudgha
Makhleb
Nemelex Xobeh
Okawaru
Ru
Trog
Uskayaw
Vehumet
Wu Jian
The Shining One

Annotations:
D:4 2 transporters
D:5 Dowan, Duvessa


Innate Abilities, Weirdness & Mutations

You have extremely sharp teeth.
Your natural rate of healing is unusually fast.
When hurt, damage is shared between your health and your magic reserves.
Your bite disrupts and absorbs the magic of your enemies.
Potions cannot restore your health.
You are immune to rotting.


Message History

Duvessa is almost dead.
Duvessa hits you with a +0 short sword.
* * * LOW HITPOINT WARNING * * *
Duvessa hits you with a +0 short sword.
* * * LOW HITPOINT WARNING * * *
You barely miss Duvessa.
Duvessa is severely wounded.
Dowan says, "Magic and the sword, together, will defeat you."
Duvessa hits you with a +0 short sword.
* * * LOW HITPOINT WARNING * * *
Dowan says, "Magic and the sword, together, will defeat you."
Duvessa barely misses you.
Dowan gestures wildly while chanting.
Dowan blinks!
Duvessa says, "My weaknesses are his strengths!"
Duvessa hits you with a +0 short sword.
* * * LOW HITPOINT WARNING * * *
Dowan says, "Magic and the sword, together, will defeat you."
Duvessa hits you with a +0 short sword!
You die...

## #### .############ #..#
......#.....## ##..#
.............###...# .
........>........#.# ...
..............####.######....#
..............###..##e.......#
...............<@e....####...#
..............###.##### #
..............##..#
.............###.##
............#. .. ... ###


You could see Duvessa and Dowan.

Vanquished Creatures
  3 ogres (D:4)
  A centaur (D:4)
  3 orc priests (D:4)
  2 orc wizards
  A centaur skeleton (D:4)
  An iguana (D:4)
  A worker ant (D:4)
  7 adders
  2 worms (D:2)
  4 dart slugs
  16 orcs
  3 giant cockroaches
  12 goblins
  7 hobgoblins
  5 jackals
  2 quokkas (D:2)
  A ball python (D:4)
  7 bats
  6 frilled lizards
  5 kobolds
  6 rats
95 creatures vanquished.

Notes
Turn   | Place    | Note
-------+----------+-------------------------------------------
     0 | D:1      | Descartes the Vine Stalker Transmuter began the quest for
                  | the Orb.
     0 | D:1      | Reached XP level 1. HP: 9/9 MP: 4/4
   139 | D:1      | Reached skill level 1 in Fighting
   147 | D:1      | Reached XP level 2. HP: 8/14 MP: 4/6
  1062 | D:1      | Reached XP level 3. HP: 18/18 MP: 7/7
  1506 | D:2      | Reached skill level 1 in Stealth
  1774 | D:2      | Gained mutation: Your natural rate of healing is unusually
                  | fast. [Vine Stalker growth]
  1774 | D:2      | Reached XP level 4. HP: 17/22 MP: 9/9
  1852 | D:2      | Found a sparkling altar of Nemelex Xobeh.
  2502 | D:3      | Found a bloodstained altar of Trog.
  2590 | D:3      | Reached XP level 5. HP: 25/25 MP: 8/10
  2597 | D:3      | Learned a level 2 spell: Sticks to Snakes
  2603 | D:3      | Learned a level 5 spell: Blade Hands
  2993 | D:3      | Found a blossoming altar of Fedhas.
  3198 | D:3      | Reached skill level 4 in Unarmed Combat
  3554 | D:4      | Found a staircase to the Ecumenical Temple.
  3560 | Temple   | Entered the Ecumenical Temple
  3613 | Temple   | Became a worshipper of the Wu Jian Council
  3664 | D:4      | Noticed an ogre
  3676 | D:4      | Killed an ogre
  3676 | D:4      | Reached XP level 6. HP: 27/30 MP: 9/12
  3802 | D:4      | HP: 1/30 [orc priest/divine providence (11)]
  3816 | D:3      | HP: 1/30 [orc/+0 hand axe (4)]
  4235 | D:4      | Reached XP level 7. HP: 26/35 MP: 6/13
  4398 | D:4      | Found an ancient bone altar of Kikubaaqudgha.
  4399 | D:4      | Noticed a komodo dragon
  4401 | D:4      | Found a transporter.
  4511 | D:3      | Reached skill level 1 in Evocations
  4585 | D:4      | Found a transporter.
  4745 | D:4      | Found a burning altar of Makhleb.
  4753 | D:4      | Reached skill level 5 in Unarmed Combat
  4910 | D:5      | Entered Level 5 of the Dungeon
  4944 | D:5      | Noticed Duvessa
  4946 | D:5      | Noticed Dowan
  4975 | D:5      | Slain by Duvessa

Skill      XL: |  1  2  3  4  5  6  7 |
---------------+----------------------+-----
Fighting       | 1 2 |  2.3
Stealth        | 1 2 3 |  3.0
Spellcasting   | 3 4 |  4.2
Transmutations | 3 4 |  4.2
Dodging        | 2 |  2.5
Unarmed Combat | 4 5 |  5.0
Evocations     | 1 |  1.2

Action                   |  1- 3 |  4- 6 |  7- 9 || total
-------------------------+-------+-------+-------++-------
Melee: Unarmed           |    98 |   197 |    76 ||   371
       Bite              |    18 |    43 |    27 ||    88
       Punch             |     3 |     5 |     2 ||    10
       Kick              |     3 |       |       ||     3
       Headbutt          |     3 |    21 |    16 ||    40
 Cast: Beastly Appendage |     7 |    31 |    10 ||    48
Invok: Lunge             |       |     6 |     6 ||    12
  Use: Scroll            |       |     5 |       ||     5
 Stab: Sleeping          |       |     4 |     1 ||     5
  Eat: Chunk             |     3 |     8 |     2 ||    13
Armor: Robe              |    24 |    51 |    18 ||    93
Dodge: Dodged            |    62 |   100 |    30 ||   192
